 Dungeon Crawl Stone Soup version 0.17-a0-227-gf5308cc (webtiles) character file.

21805 Pikaro the Unseen (level 12, -1/95 HPs)
             Began as an Octopode Assassin on Mar 29, 2015.
             Was a High Priest of Dithmenos.
             Engulfed by an ice statue's freezing vapour (23 damage)
             ... in an ice cave.
             The game lasted 01:04:00 (22293 turns).

Pikaro the Unseen (Octopode Assassin)              Turns: 22293, Time: 01:04:01

Health: -1/95      AC:  2    Str: 18    XL:     12   Next: 93%
Magic:  3/3        EV: 25    Int: 14    God:    Dithmenos [*****.]
Gold:   877        SH:  6    Dex: 19    Spells: 0 memorised, 11 levels left

rFire  + . .     SeeInvis .     a - +5 dagger (elec)
rCold  . . .     Rnd*Rage +     x - +0 buckler {rF+}
rNeg   + + +     SustAb   .     (helmet restricted)
rPois  .         Gourm    .     (no amulet)
rElec  .         Spirit   .     t - +5 ring of evasion
rCorr  .         Warding  .     H - ring of Fedhas' Condemnation {rN++ MP-9 Str+6 Slay+2}
rMut   .         Stasis   .     O - +3 ring of strength
MR     .....                    V - ring of positive energy {rN+}
Stlth  ++++++++++               (no ring)
                                (no ring)
                                (no ring)
                                (no ring)

@: wreathed by umbra, not resistant to hostile enchantments, uncannily stealthy
A: almost no armour, amphibious, 8 rings, constrict 8, tentacle spike 1,
camouflage 1, agile 1, berserk 1, robust 1, shaggy fur 1, weak 1, wild magic 1,
gelatinous body 1
a: Shadow Step, Shadow Form, Renounce Religion


You were in an ice cave.
You worshipped Dithmenos.
Dithmenos was extremely pleased with you.
You were not hungry.

You visited 3 branches of the dungeon, and saw 16 of its levels.
You also visited: Ice Cave and Volcano.

You collected 877 gold pieces.

Inventory:

Hand weapons
 a - a +5 dagger of electrocution (weapon)
   (You took it off an orc on level 9 of the Dungeon)
 b - a +2 blowgun of evasion
   (You took it off a kobold on level 9 of the Dungeon)
Missiles
 e - 57 poisoned needles
 z - 7 curare-tipped needles
Armour
 x - a +0 buckler of fire resistance (worn)
   (You found it in a volcano)
Jewellery
 t - a +5 ring of evasion (left tentacle)
   (You found it on level 3 of the Dungeon)
 H - the ring of Fedhas' Condemnation (right tentacle) {rN++ MP-9 Str+6 Slay+2}
   (You found it on level 6 of the Dungeon)

   [ring of strength]

   It affects your strength (+6).
   It affects your accuracy and damage with ranged weapons and melee attacks
   (+2).
   It greatly protects you from negative energy.
   It affects your magic capacity (-9).
 O - a +3 ring of strength (on tentacle)
   (You found it on level 8 of the Dungeon)
 V - a ring of positive energy (on tentacle) {rN+}
   (You found it on level 3 of the Lair of Beasts)
Magical devices
 f - a wand of confusion (48)
   (You took it off Blork the orc on level 5 of the Dungeon)
Scrolls
 c - a scroll of enchant armour
 j - 4 scrolls of teleportation
 m - 9 scrolls of remove curse
 q - 2 scrolls of fog {unknown}
 y - a scroll of identify
 D - a scroll of blinking {!r}
Potions
 d - a potion of might
 k - 7 potions of curing
 l - a potion of haste
 n - 3 potions of magic
 o - 4 potions of restore abilities
 p - 2 potions of agility
 r - 2 potions of flight
 u - 3 potions of lignification {!q}
 w - 2 potions of berserk rage {!q}
 A - 4 potions of ambrosia {!q}
Miscellaneous
 i - a plain deck of escape
   (You found it on level 4 of the Lair of Beasts)
Comestibles
 g - a slice of pizza
 h - 33 fruits
 s - 5 meat rations


   Skills:
 - Level 10.0 Fighting
 - Level 10.1 Short Blades
 - Level 2.0 Throwing
 - Level 10.0 Dodging
 + Level 16.8 Stealth
 - Level 4.0 Shields


You had 11 spell levels left.
You didn't know any spells.

Dungeon Overview and Level Annotations

Branches:
Dungeon (10/15)            Temple (1/1) D:5            Lair (5/8) D:10
 Shoals (0/5) Lair:4          Orc (0/4) D:10
  Snake: Lair:3-6    Spider: Lair:3-6

Altars:
Ashenzari
Cheibriados
Dithmenos
Elyvilon
Fedhas
Gozag
Kikubaaqudgha
Makhleb
Nemelex Xobeh
Okawaru
Qazlal
Ru
Sif Muna
Trog
Vehumet
Xom
Yredelemnul
Zin
The Shining One

Shops:
D:6 *   D:10 }%

Annotations:
Lair:2 exclusions: electric eel and plant
Lair:5 Snorg IceCv exclusion: ice statue


Innate Abilities, Weirdness & Mutations

You cannot wear most types of armour.
You are amphibious.
You can wear up to eight rings at the same time.
You can use your tentacles to constrict many enemies at once.
Your skin changes colour to match your surroundings (Stealth).
Your rubbery body absorbs attacks (AC +1).
One of your tentacles bears a spike.
You are agile. (Dex +2)
You tend to lose your temper in combat.
You are robust (+10% HP).
You are covered in fur (AC +1).
You are weak. (Str -2)
Your spells are a little harder to cast, but a little more powerful.


Message History

You feel weaker.
Drink which item? (? for menu, Esc to quit)
It was a potion of resistance.
You feel protected.
The wolf barks!
A wolf comes into view.
You are engulfed in freezing vapours.
You resist.
You take 8 damage, and have 87/95 hp.
You are engulfed in freezing vapours.
You resist.
You take 8 damage, and have 79/95 hp.
You are engulfed in freezing vapours.
You resist. The wolf barely misses you.
You take 13 damage, and have 66/95 hp.
You closely miss the wolf.
The wolf barks!
Your grab misses the wolf.
You pierce the wolf, but do no damage.
Your squeeze misses the wolf.
You are engulfed in freezing vapours.
You resist. The wolf completely misses you. x2
You take 4 damage, and have 62/95 hp.
You barely miss the wolf. Your grab misses the wolf.
You pierce the wolf, but do no damage.
You are engulfed in freezing vapours.
You resist. The wolf completely misses you. The wolf barely misses you.
You take 6 damage, and have 56/95 hp.
You hit the wolf.
There is a sudden explosion of sparks!
You kill the wolf!
You are engulfed in freezing vapours.
You resist. The wolf misses you.
You take 5 damage, and have 51/95 hp.
You closely miss the wolf. Your grab misses the wolf.
You are engulfed in freezing vapours.
You resist. The wolf completely misses you.
You take 6 damage, and have 45/95 hp.
HP below 50%!
You closely miss the wolf. You grab the wolf.
You pierce the wolf, but do no damage.
You squeeze the wolf.
You are engulfed in freezing vapours.
You resist.
You constrict the wolf. You block the wolf's attack.
You take 5 damage, and have 40/95 hp.
You hit the wolf.
There is a sudden explosion of sparks!
You pierce the wolf, but do no damage.
You squeeze the wolf.
You are engulfed in freezing vapours.
You resist.
You constrict the wolf. The wolf misses you.
You take 5 damage, and have 35/95 hp.
You hit the wolf!
You kill the wolf!
You are engulfed in freezing vapours.
You resist.
You take 5 damage, and have 30/95 hp.
You are engulfed in freezing vapours.
You resist.
* * * LOW HITPOINT WARNING * * *
You take 8 damage, and have 22/95 hp.
HP below 25%!
You now have 826 gold pieces (gained 12).
g - a slice of pizza You now have 835 gold pieces (gained 9).
You now have 852 gold pieces (gained 17).
You start resting.
You start to feel less resistant.
You start resting.
Your resistance to elements expires.
You regained 2 hp, and now have 29/95 hp.
You start resting.
You regained 25 hp, and now have 54/95 hp.
You start resting.
You are near starving!
You start resting.
You regained 25 hp, and now have 79/95 hp.
You start resting.
Health restored: 95; Total turns waited: 276 Eat which item? (? for menu, Esc to quit)
You continue eating. x2
You finish eating.
That royal jelly was delicious!
You now have 877 gold pieces (gained 25).
An ice statue comes into view.
Read which item? (? for menu, Esc to quit)
Okay, then.
Drink which item? (? for menu, Esc to quit)
Okay, then.
You hit the ice statue.
You pierce the ice statue, but do no damage.
You squeeze the ice statue.
You hit the ice statue but do no damage.
You pierce the ice statue, but do no damage.
The ice statue throws cold at you. The freezing blast engulfs you!
You take 11 damage, and have 84/95 hp.
You hit the ice statue.
You squeeze the ice statue, but do no damage.
You are engulfed in freezing vapours.
You take 13 damage, and have 71/95 hp.
You hit the ice statue but do no damage.
You squeeze the ice statue.
You are engulfed in freezing vapours.
You take 10 damage, and have 61/95 hp.
You barely miss the ice statue.
You are engulfed in freezing vapours.
You take 12 damage, and have 49/95 hp.
You hit the ice statue but do no damage.
You are engulfed in freezing vapours.
You take 9 damage, and have 40/95 hp.
HP below 50%!
Drink which item? (? for menu, Esc to quit)
Okay, then.
You are engulfed in freezing vapours.
* * * LOW HITPOINT WARNING * * *
You take 18 damage, and have 22/95 hp.
HP below 25%!
You are engulfed in freezing vapours.
You die...

## ###...## ..
##......# .#
##...##..# ###.
###...##...#
#..§####..§####÷.##
#.8§##§§§####..#####
#Y§§##§§###..#.##.#
#Y§###§.##...÷#..#.
#§@####§§##..##.#.#
##...#....##..##.#.
##....#.####..####
######## ##.## #..##
##...# #...## ##...#
#...#


You could see an ice statue and 2 ice beasts.

Vanquished Creatures
  A hydra (Lair:1)
  Erica (Lair:3)
  A sun demon (Volcano)
  A hill giant (D:10)
  A griffon (Lair:2)
  A toenail golem (Volcano)
  4 spiny frogs
  A fire drake (D:10)
  5 komodo dragons
  A red devil (Volcano)
  Grinder (D:3)
  5 blink frogs (Lair:1)
  A snapping turtle (Lair:4)
  2 basilisks (Lair:4)
  22 yaks
  9 hippogriffs
  Eustachio (D:4)
  A deep elf mage (D:10)
  2 steam dragons
  11 wolves
  A naga (Lair:4)
  5 porcupines
  A soldier ant (D:8)
  4 sky beasts
  2 water moccasins (Lair:2)
  4 ice beasts
  4 orc warriors
  2 hell hounds (Volcano)
  A boring beetle (D:8)
  A black bear (D:8)
  4 ogres
  3 phantoms
  An eye of draining (D:4)
  5 crocodiles
  2 centaurs
  Sigmund (D:7)
  10 giant frogs
  2 big kobolds
  Blork the orc (D:5)
  A water moccasin zombie (D:8)
  8 killer bees
  A scorpion (D:8)
  The ghost of Harvey99999 the Sneak, a weakling HuAs (D:4)
  4 jellies
  7 electric eels
  A giant frog zombie (D:6)
  7 hounds
  A centaur zombie (D:9)
  6 crimson imps
  3 goliath beetles
  8 orc priests
  A centaur skeleton (D:10)
  7 orc wizards
  A giant frog skeleton (D:8)
  15 worker ants
  7 iguanas
  11 sheep
  A hound zombie (D:9)
  Terence (D:2)
  22 adders
  25 river rats
  8 white imps (Lair:5)
  A giant mite (D:8)
  A worm (D:4)
  An adder zombie (D:8)
  8 giant geckos
  An ooze (D:6)
  56 orcs
  3 ball pythons
  3 bat skeletons
  2 bat zombies
  6 giant cockroaches
  13 goblins
  15 hobgoblins
  7 jackals
  18 kobolds
  18 quokkas
  18 bats
  A giant cockroach zombie (D:6)
  2 giant gecko skeletons
  2 giant gecko zombies
  10 giant newts
  A quokka skeleton (D:9)
  15 rats
  2 ballistomycetes (D:6)
  6 plants
483 creatures vanquished.

Vanquished Creatures (collateral kills)
  A butterfly (Lair:2)
1 creature vanquished.

Vanquished Creatures (others)
  A polar bear (IceCv)
  A yak (IceCv)
  A giant spore (D:6)
  A kobold (D:1)
  A fungus (Lair:3)
5 creatures vanquished.

Grand Total: 489 creatures vanquished

Notes
Turn   | Place    | Note
--------------------------------------------------------------
     0 | D:1      | Pikaro, the Octopode Assassin, began the quest for the Orb.
     0 | D:1      | Reached XP level 1. HP: 14/14 MP: 1/1
   534 | D:1      | Reached XP level 2. HP: 19/19 MP: 2/2
   818 | D:1      | Reached skill level 3 in Short Blades
  1501 | D:2      | Reached XP level 3. HP: 24/24 MP: 3/3
  1610 | D:2      | Found a blossoming altar of Fedhas.
  1614 | D:2      | Found an ancient bone altar of Kikubaaqudgha.
  1766 | D:2      | Noticed Terence
  1782 | D:2      | Killed Terence
  1782 | D:2      | Reached skill level 4 in Short Blades
  1868 | D:2      | Reached XP level 4. HP: 12/29 MP: 4/4
  2763 | D:2      | Found a shimmering altar of Xom.
  3164 | D:3      | Reached skill level 5 in Short Blades
  3169 | D:3      | Reached XP level 5. HP: 34/34 MP: 5/5
  3705 | D:3      | Noticed Grinder
  3994 | D:4      | Noticed Eustachio
  4426 | D:4      | Killed Eustachio
  4426 | D:4      | Reached skill level 6 in Short Blades
  4426 | D:4      | Reached XP level 6. HP: 13/39 MP: 6/6
  4430 | D:4      | HP: 9/39 [orc priest/mace (5)]
  4434 | D:4      | HP: 4/39 [orc priest/mace (4)]
  4746 | D:4      | Reached skill level 7 in Short Blades
  4841 | D:4      | Found a bloodstained altar of Trog.
  4841 | D:4      | Noticed an eye of draining
  4850 | D:4      | Killed an eye of draining
  4850 | D:4      | Reached XP level 7. HP: 45/45 MP: 7/7
  5472 | D:4      | Reached skill level 8 in Short Blades
  5575 | D:4      | Noticed Harvey99999's ghost (weakling HuAs)
  5591 | D:4      | Killed Harvey99999's ghost
  6482 | D:5      | Entered Level 5 of the Dungeon
  6629 | D:5      | Noticed Blork the orc
  6630 | D:5      | Killed Blork the orc
  6630 | D:5      | Reached skill level 9 in Short Blades
  6630 | D:5      | Reached XP level 8. HP: 50/50 MP: 8/8
  6649 | D:5      | Found a staircase to the Ecumenical Temple.
  6658 | Temple   | Entered the Ecumenical Temple
  7479 | Temple   | Became a worshipper of Dithmenos the Shadowed
  7993 | D:5      | HP: 12/50 [orc/dagger (2)]
  8427 | D:5      | Reached skill level 10 in Short Blades
  8584 | D:5      | Gained mutation: You are covered in fur (AC +1). [mutagenic meat]
  8790 | D:5      | Found a white marble altar of Elyvilon.
  8880 | D:6      | Found Caoqiy's Commerce Corner.
  8977 | D:6      | Got a warped pewter ring
  8978 | D:6      | Identified the ring of Fedhas' Condemnation {rN++ MP-9 Str+6 Slay+2} (You found it on level 6 of the Dungeon)
  8996 | D:6      | Found a sacrificial altar of Ru.
  9032 | D:6      | Reached skill level 2 in Dodging
  9032 | D:6      | Reached skill level 6 in Stealth
  9232 | D:6      | Found a shimmering altar of Xom.
  9288 | D:6      | Reached skill level 3 in Fighting
  9308 | D:6      | Found a shadowy altar of Dithmenos.
 10108 | D:6      | Found a sacrificial altar of Ru.
 10129 | D:6      | Reached skill level 3 in Dodging
 10129 | D:6      | Reached XP level 9. HP: 57/57 MP: 0/9
 10173 | D:6      | Found a shadowy altar of Dithmenos.
 10209 | D:6      | Reached skill level 7 in Stealth
 10246 | D:6      | Found a shimmering altar of Xom.
 10834 | D:7      | Noticed Sigmund
 10839 | D:7      | Killed Sigmund
 10839 | D:7      | Reached skill level 4 in Fighting
 10897 | D:7      | Found a sacrificial altar of Ru.
 10907 | D:7      | Reached skill level 4 in Dodging
 10912 | D:7      | Found a stormy altar of Qazlal.
 10912 | D:7      | Found a glowing golden altar of the Shining One.
 10971 | D:7      | Gained mutation: Your spells are a little harder to cast, but a little more powerful. [mutagenic meat]
 11133 | D:7      | Reached skill level 8 in Stealth
 11207 | D:7      | Gained mutation: You tend to lose your temper in combat. [mutagenic meat]
 11208 | D:7      | Gained mutation: You are robust (+10% HP). [mutagenic meat]
 11318 | D:7      | Acquired Dithmenos' first power
 11323 | D:7      | Reached skill level 5 in Fighting
 11448 | D:7      | Found a stormy altar of Qazlal.
 11816 | D:7      | Reached skill level 5 in Dodging
 11914 | D:7      | Reached skill level 9 in Stealth
 12404 | D:7      | Reached XP level 10. HP: 74/74 MP: 1/10
 12577 | D:3      | Killed Grinder
 12577 | D:3      | Reached skill level 6 in Fighting
 12843 | D:8      | Acquired Dithmenos' second power
 12843 | D:8      | Reached skill level 6 in Dodging
 13273 | D:8      | Reached skill level 10 in Stealth
 13612 | D:9      | Found a staircase to the Orcish Mines.
 13927 | D:9      | Reached skill level 7 in Fighting
 14313 | D:10     | Entered Level 10 of the Dungeon
 14400 | D:10     | Found a staircase to the Orcish Mines.
 14415 | D:10     | Acquired Dithmenos' third power
 14441 | D:10     | Reached skill level 7 in Dodging
 14507 | D:10     | Reached skill level 11 in Stealth
 14831 | D:10     | Found Geaniq's Gadget Shoppe.
 15199 | D:10     | Reached XP level 11. HP: 61/84 MP: 2/11
 15303 | D:10     | Found a basalt altar of Yredelemnul.
 15500 | D:10     | Reached skill level 8 in Fighting
 15517 | D:10     | Noticed a hill giant
 15557 | D:10     | Killed a hill giant
 15557 | D:10     | Reached skill level 8 in Dodging
 15667 | D:10     | Found Vicsiwk's Food Shop.
 15856 | D:10     | Reached skill level 12 in Stealth
 15875 | D:10     | Found a staircase to the Lair.
 16059 | Lair:1   | Entered Level 1 of the Lair of Beasts
 16212 | Lair:1   | Acquired Dithmenos' fourth power
 16619 | Lair:1   | Noticed an eight-headed hydra
 16623 | Lair:1   | Killed an eight-headed hydra
 16623 | Lair:1   | Reached skill level 9 in Fighting
 16623 | Lair:1   | Reached skill level 9 in Dodging
 16707 | Lair:1   | Reached skill level 13 in Stealth
 18060 | Lair:3   | Reached XP level 12. HP: 94/94 MP: 3/12
 18154 | Lair:3   | Noticed Erica
 18169 | Lair:3   | Killed Erica
 18249 | Lair:3   | Reached skill level 10 in Dodging
 18500 | Lair:3   | Reached skill level 10 in Fighting
 18723 | Lair:3   | Reached skill level 14 in Stealth
 20144 | Lair:4   | Found a staircase to the Shoals.
 20149 | Lair:4   | Reached skill level 15 in Stealth
 20204 | Lair:4   | Found a staircase to the Snake Pit.
 20428 | Lair:4   | Found a dark tunnel.
 20433 | Volcano  | Entered a volcano
 20509 | Volcano  | Reached skill level 16 in Stealth
 20509 | Volcano  | Reached skill level 1 in Shields
 20656 | Lair:4   | Reached skill level 2 in Shields
 20921 | Lair:4   | Reached skill level 3 in Shields
 21398 | Lair:5   | Found a frozen archway.
 21403 | Lair:5   | Noticed Snorg
 21443 | IceCv    | Entered an ice cave
 21458 | IceCv    | Reached skill level 4 in Shields
 21651 | IceCv    | HP: 23/95 [something (26)]
 21942 | IceCv    | Gained mutation: You are agile. (Dex +2) [potion of mutation]
 21942 | IceCv    | Gained mutation: One of your tentacles bears a spike. [potion of mutation]
 21942 | IceCv    | Gained mutation: You are weak. (Str -2) [potion of mutation]
 21961 | IceCv    | HP: 21/95 [something (9)]
 22292 | IceCv    | HP: 22/95 [ice statue] (18)]
 22293 | IceCv    | Engulfed by an ice statue's freezing vapour

Action                   |  1- 3 |  4- 6 |  7- 9 | 10-12 || total
-------------------------+-------+-------+-------+-------++-------
Melee: Dagger            |    60 |   129 |   508 |   583 ||  1280
 Fire: Blowgun           |     2 |     4 |    26 |    41 ||    73
  Use: Scroll            |       |     7 |     1 |    21 ||    29
       Potion            |       |     1 |       |     5 ||     6
 Stab: Sleeping          |     7 |    14 |    32 |   102 ||   155
       Distracted        |       |     2 |     5 |     2 ||     9
       Fleeing           |       |       |       |     1 ||     1
  Eat: Chunk             |     3 |     9 |    26 |    25 ||    63
       Beef jerky        |       |       |     2 |       ||     2
       Meat ration       |       |       |       |     1 ||     1
       Royal jelly       |       |       |       |     1 ||     1

Vault maps used:
D:1:      shiori_arrival_elements
D:2:      grunt_temple_overflow_growth_and_decay, lemuel_coloured_pillars_altar,
          first_bread, uniq_terence
D:3:      uniq_grinder
D:4:      trog_eyes_of_draining, uniq_eustachio
D:5:      kennysheep_little_box, temple_pool_b, uniq_blork_the_orc
D:6:      nicolae_alphabet_shops, hangedman_feature_mirror,
          nicolae_dithmenos_shadow_blocks
D:7:      nicolae_overflow_hidden_temple, serial_bayou, serial_bayou_pond_b,
          serial_bayou_crossing, serial_bayou_lagoon_b, serial_bayou_pond_c,
          serial_bayou_pond_d, serial_bayou_pond_c,
          nicolae_qazlal_general_emergency, uniq_sigmund
D:8:      hangedman_pestilent_swarm, grunt_ministairs_15
D:9:      orc_0_dummy, minmay_misc_feat_tiny
D:10:     minmay_lair_entry_lava, david_orc_2, serial_shops, shop,
          nicolae_shop_behind_doors, yredelemnul_altar_generic
Temple:   minmay_temple_forest_path_12
Lair:2:   serial_bayou_pond_b, serial_bayou_shore_a, lemuel_fruit_fields
Lair:3:   lemuel_fruit_tree, uniq_erica
Lair:4:   minmay_shoals_entry_hut, guppyfry_snake_entry_garden, serial_bayou,
          serial_bayou_ford_a, serial_bayou_lagoon_a, serial_bayou_lake_a,
          serial_bayou_pond_d, enter_volcano_4
Lair:5:   statuecave_lemuel, portal_ice_cave_entry_imps, uniq_snorg
IceCv:    ice_cave_caverns_02
Volcano:  volcano_pools

Table legend:
 A = Turns spent in this place as a percentage of turns spent in the entire game.
 B = Non-inter-level travel turns spent in this place as a percentage of non-inter-level travel turns spent in the entire game.
 C = Inter-level travel turns spent in this place as a percentage of turns spent in this place.
 D = Turns resting spent in this place as a percentage of non-inter-level travel turns spent in this place.
 E = Turns spent auto-exploring this place as a percentage of non-inter-level travel turns spent in this place.
 F = Non-inter-level travel turns spent in this place divided by the number of levels of this place that you've seen.
                   A       B       C       D       E      F
               +-------+-------+-------+-------+-------+----------------------
         Total | 100.0 | 100.0 |   0.6 |   4.6 |   5.8 | 318.9
       Dungeon |  64.0 |  64.0 |   0.6 |   5.2 |   6.5 | 367.2
        Temple |   4.8 |   4.7 |   1.1 |   4.4 |   6.2 | 272.0
          Lair |  26.3 |  26.3 |   0.5 |   2.8 |   5.2 | 302.2
      Ice Cave |   2.2 |   2.2 |   0.0 |  14.7 |   0.8 | 129.0
       Volcano |   2.7 |   2.7 |   0.0 |   0.0 |   0.6 | 156.0
               +-------+-------+-------+-------+-------+----------------------

Table legend:
 A = Kills in this place as a percentage of kills in entire the game.
 B = Kills by you in this place as a percentage of kills by you in the entire game.
 C = Kills by friends in this place as a percentage of kills by friends in the entire game.
 D = Other kills in this place as a percentage of other kills in the entire game.
 E = Experience gained in this place as a percentage of experience gained in the entire game.
 F = Experience gained in this place divided by the number of levels of this place that you have seen.
                   A       B       C       D       E      F
               +-------+-------+-------+-------+-------+----------------------
         Total | 100.0 | 100.0 |  -nan |  -nan | 100.0 | 1730.6
       Dungeon |  67.7 |  67.7 |  -nan |  -nan |  35.5 | 1105.1
        Temple |   0.4 |   0.4 |  -nan |  -nan |   0.4 | 132.0
          Lair |  29.1 |  29.1 |  -nan |  -nan |  54.3 | 3383.0
      Ice Cave |   1.3 |   1.3 |  -nan |  -nan |   3.3 | 1035.0
       Volcano |   1.5 |   1.5 |  -nan |  -nan |   6.5 | 2017.0
               +-------+-------+-------+-------+-------+----------------------
